 Dungeon Sprint DCSS version 0.16-a0-3625-g2624681 (webtiles) character file.

41 BluebellGnoll the Cleaver (level 3, 16/33 HPs)
             Began as a Deep Dwarf Berserker on Jan 14, 2015.
             Was an Elder of Trog.
             Quit the game in the Dungeon (Sprint IX: "|||||||||||||||||||||||||||||").
             The game lasted 00:01:28 (137 turns).

BluebellGnoll the Cleaver (Deep Dwarf Berserker)     Turns: 137, Time: 00:01:28

Health: 16/33      AC:  2    Str: 21    XL:     3   Next: 32%
Magic:  3/3        EV: 12    Int:  7    God:    Trog [****..]
Gold:   0          SH:  0    Dex: 12    Spells: 0 memorised, 2 levels left

rFire  . . .     SeeInvis .     a - +0 hand axe
rCold  . . .     Clarity  .     b - +0 animal skin
rNeg   . . .     SustAb   .     (no shield)
rPois  .         Gourm    .     (no helmet)
rElec  .         Spirit   .     (no cloak)
rCorr  .         Warding  .     (no gloves)
rMut   .         NoTele   +     (no boots)
MR     .....                    (no amulet)
Stlth  +.........               (no ring)
                                (no ring)

@: very slightly contaminated, non-regenerating, not resistant to hostile
enchantments, very unstealthy
A: damage resistance, recharge devices, sense surroundings 1, slow healing 3
a: Device Recharging, Burn Spellbooks, Berserk, Trog's Hand, Brothers in Arms,
Renounce Religion


You were in the Dungeon.
You worshipped Trog.
Trog was greatly pleased with you.
You were not hungry.

You visited 1 branch

Inventory:

Hand weapons
 a - a +0 hand axe (weapon)
Armour
 b - a +0 animal skin (worn)
Magical devices
 c - a wand of heal wounds (5)
Scrolls
 j - a scroll of blinking
Potions
 e - a potion of curing
 f - a potion of heal wounds
 h - 2 potions of magic
 i - a potion of berserk rage
Comestibles
 d - a bread ration


   Skills:
 - Level 2.6 Fighting
 + Level 8.0 Axes
 - Level 2.1 Armour
 - Level 2.1 Dodging


You had 2 spell levels left.
You didn't know any spells.

Dungeon Overview and Level Annotations

Branches:
Dungeon (1/1)

Altars:
Cheibriados
Dithmenos
Elyvilon
Fedhas
Gozag
Kikubaaqudgha
Makhleb
Nemelex Xobeh
Okawaru
Qazlal
Ru
Sif Muna
Trog
Vehumet
Xom
Yredelemnul
Zin
The Shining One
Beogh
Jiyva
Lugonu


Innate Abilities, Weirdness & Mutations

You are resistant to damage.
You can recharge devices by infusing magical energy.
You passively map a small area around you.
You do not heal naturally.


Message History

You miss something. Something hits you but does no damage.
You closely miss something.
Something picks up 2 potions of heal wounds.
You hit something but do no damage.
Found a +3 ring of strength.
Things that are here:
2 potions of magic; 4 potions of curing
Things that are here:
3 scrolls of remove curse; 2 scrolls of amnesia; a scroll of blinking You closely miss something.
Something hits you.
You barely miss something. Something hits you.
You miss something. You miss something.
Things that are here:
2 potions of magic; 4 potions of curing Something picks up a +4 quarterstaff of speed.
There is an open door here.
Things that are here:
2 potions of magic; 4 potions of curing Are you sure you want to abandon this character and quit the game? (Confirm with "yes".)

, ∩ * * * * ,, , , , ** * *
* * * , , , , * *** * * * *
* * ,, ,,, ,,, , , ,
▓▓▓▓▓▓▓▓▓▓▓▓▓▓▓▓▓▓▓▓▓▓▓▓▓▓**
*


_______________'@?|)[[[==+ ▓▓▓▓▓▓▓▓▓▓▓▓▓▓▓▓▓▓▓▓▓▓▓▓▓▓ * There were no monsters
in sight!

Vanquished Creatures
  A hound (D)
  A giant gecko (D)
  An orc (D)
  3 bats (D)
  A giant gecko zombie (D)
  A giant newt (D)
  A rat (D)
9 creatures vanquished.

Notes
Turn   | Place    | Note
--------------------------------------------------------------
     0 | D        | BluebellGnoll, the Deep Dwarf Berserker, began the quest for the Orb.
     0 | D        | Reached XP level 1. HP: 20/20 MP: 1/1
    11 | D        | Reached skill level 4 in Axes
    20 | D        | Acquired Trog's second power
    24 | D        | Reached skill level 5 in Axes
    37 | D        | Noticed a hound
    37 | D        | Noticed a crimson imp
    46 | D        | Killed a hound
    46 | D        | Reached skill level 7 in Axes
    46 | D        | Reached XP level 2. HP: 20/27 MP: 2/2
    46 | D        | Reached XP level 3. HP: 24/33 MP: 3/3
    52 | D        | Acquired Trog's third power
    55 | D        | Reached skill level 8 in Axes
    96 | D        | Found a glowing silver altar of Zin.
    96 | D        | Found a glowing golden altar of the Shining One.
    96 | D        | Found an ancient bone altar of Kikubaaqudgha.
    96 | D        | Found a basalt altar of Yredelemnul.
    96 | D        | Found a shimmering altar of Xom.
    96 | D        | Found a radiant altar of Vehumet.
    96 | D        | Found an iron altar of Okawaru.
    97 | D        | Found a burning altar of Makhleb.
    98 | D        | Found a deep blue altar of Sif Muna.
    99 | D        | Found a bloodstained altar of Trog.
   100 | D        | Found a sparkling altar of Nemelex Xobeh.
   101 | D        | Found a white marble altar of Elyvilon.
   102 | D        | Found a roughly hewn altar of Beogh.
   103 | D        | Found a viscous altar of Jiyva.
   104 | D        | Found a corrupted altar of Lugonu.
   105 | D        | Found a blossoming altar of Fedhas.
   106 | D        | Found a snail-covered altar of Cheibriados.
   107 | D        | Found a shadowy altar of Dithmenos.
   108 | D        | Found a stormy altar of Qazlal.
   109 | D        | Found an opulent altar of Gozag.
   110 | D        | Found a sacrificial altar of Ru.
   137 | D        | Quit the game

Action                   || total
-------------------------++-------
Melee: Hand axe          ||    70
Invok: Trog's Hand       ||     1
  Use: Potion            ||     1
